 Dungeon Crawl Stone Soup version 0.30.0-10-gfe55d96785 (webtiles) character file.

Game seed: 15103283719574077411

20411 Rrauwl the Bludgeoner (level 12, -2/104 HPs)
             Began as a Minotaur Gladiator on May 14, 2023.
             Was an Elder of Trog.
             Slain by a spectral orc warrior
             ... wielding a +0 scimitar
             ... summoned by Nergalle
              (3 damage)
             ... while petrified by a basilisk
             ... on level 2 of the Lair of Beasts.
             The game lasted 00:29:13 (11239 turns).

Rrauwl the Bludgeoner (Minotaur Gladiator)         Turns: 11239, Time: 00:29:13

Health: -2/104     AC: 15    Str: 26    XL:     12   Next: 45%
Magic:  11/11      EV:  2    Int:  5    God:    Trog [****..]
Gold:   616        SH:  0    Dex: 13    Spells: 11/11 levels left

rFire   + . .        a - +3 morningstar (drain)
rCold   . . .        h - +0 buckler
rNeg    + + +        o - +0 swamp dragon scales
rPois   ∞            c - +1 hat
rElec   .            (no cloak)
rCorr   .            x - +2 pair of gloves {Str+3}
SInv    .            l - +0 pair of boots
Will    .....        r - amulet of the acrobat
Stlth   +            z - ring of protection from fire
HPRegen 0.37/turn    y - ring of flight
MPRegen 0.12/turn

%: acrobat
@: petrified, marked, flying
A: horns 2, retaliatory headbutt
a: Renounce Religion, Berserk, Trog's Hand, Brothers in Arms


You were on level 2 of the Lair of Beasts.
You worshipped Trog.
Trog was greatly pleased with you.
You visited 3 branches of the dungeon, and saw 12 of its levels.
You also visited: Bailey.

You collected 820 gold pieces.
You spent 204 gold pieces at shops.

Inventory:

Hand Weapons
 a - a +3 morningstar of draining (weapon)
Missiles
 d - 4 throwing nets (quivered)
 e - 35 javelins
Armour
 c - a +1 hat (worn)
 h - a +0 buckler (worn)
 l - a +0 pair of boots (worn)
 o - +0 swamp dragon scales (worn)
 x - a +2 pair of gloves of strength (worn)
Jewellery
 r - an amulet of the acrobat (around neck)
 y - a ring of flight (right hand)
 z - a ring of protection from fire (left hand)
Wands
 n - a wand of flame (13)
 s - a wand of iceblast (9)
 t - a wand of charming (7)
Scrolls
 g - 6 scrolls of teleportation
 i - 4 scrolls of blinking
 j - 2 scrolls of enchant armour
 q - a scroll of identify
 D - a scroll of poison
 F - a scroll of fog
Potions
 b - a potion of heal wounds
 f - 3 potions of haste
 k - 3 potions of attraction
 m - 3 potions of lignification
 p - 5 potions of mutation
 v - 4 potions of curing
 w - 2 potions of might
 C - 2 potions of invisibility


   Skills:
 + Level 9.2 Fighting
 - Level 16.0 Maces & Flails
 - Level 2.0 Throwing
 + Level 9.1 Armour
 + Level 8.9 Dodging
 - Level 16.0 Shields


You had 11 spell levels left.
You didn't know any spells.
Your spell library contained the following spells:

 Spells                   Type           Power      Damage    Failure   Level
 Sting                    Tmut/Pois      0%         1d3       63%         1
 Poisonous Vapours        Pois/Air       0%         N/A       77%         2
 Scorch                   Fire           0%         2d5       77%         2
 Flame Wave               Conj/Fire      0%         2d4       100%        4
 Olgreb's Toxic Radiance  Pois           0%         N/A       100%        4
 Summon Cactus Giant      Summ           0%         N/A       100%        6


Dungeon Overview and Level Annotations

Branches:
Dungeon (9/15)             Temple (1/1) D:6            Lair (2/5) D:9
 Bailey (visited)
  Swamp: Lair:2-3    Shoals: Lair:2-3     Snake: Lair:2-3    Spider: Lair:2-3
    Orc: D:9-12

Altars:
Ashenzari
Cheibriados
Dithmenos
Elyvilon
Fedhas
Gozag
Hepliaklqana
Kikubaaqudgha
Makhleb
Nemelex Xobeh
Okawaru
Qazlal
Ru
Sif Muna
Trog
Uskayaw
Wu Jian
Xom
Yredelemnul
Zin
The Shining One

Shops:
D:2 :   D:5 ?

Annotations:
Lair:2 Nergalle


Innate Abilities, Weirdness & Mutations

You have a pair of horns on your head.
You reflexively headbutt those who attack you in melee.


Message History

The wolf barely misses you. Nergalle barely misses you. The basilisk bites you.
The wolf bites you but does no damage.
The spectral orc warrior hits you from afar with a +0 halberd!
The wolf bites you but does no damage. The wolf bites you.
The wolf bites you but does no damage. The wolf completely misses you. x2
The wolf bites you but does no damage.
The spectral orc warrior hits you from afar with a +0 halberd.
The wolf bites you! The basilisk bites you.
Nergalle hits you but does no damage. The wolf bites you but does no damage.
The spectral orc hits you but does no damage.
The spectral orc warrior hits you with a +0 scimitar.
The wolf barely misses you. The wolf bites you.
The spectral orc warrior hits you from afar with a +0 halberd!
The wolf bites you! The wolf bites you.
* * * LOW HITPOINT WARNING * * *
The wolf bites you but does no damage. Nergalle hits you but does no damage.
The wolf bites you but does no damage. The basilisk bites you.
* * * LOW HITPOINT WARNING * * *
The spectral orc warrior hits you from afar with a +0 halberd.
* * * LOW HITPOINT WARNING * * *
The wolf barely misses you.
The spectral orc warrior hits you with a +0 scimitar.
* * * LOW HITPOINT WARNING * * *
The spectral orc hits you but does no damage.
The wolf bites you but does no damage. x3; The wolf bites you!
* * * LOW HITPOINT WARNING * * *
The spectral orc warrior hits you from afar with a +0 halberd!
* * * LOW HITPOINT WARNING * * *
The wolf bites you. Nergalle hits you with a +0 dagger.
* * * LOW HITPOINT WARNING * * *
The basilisk bites you!
* * * LOW HITPOINT WARNING * * *
The wolf bites you.
* * * LOW HITPOINT WARNING * * *
The wolf bites you.
* * * LOW HITPOINT WARNING * * *
The spectral orc hits you with a +1 mace.
* * * LOW HITPOINT WARNING * * *
The spectral orc warrior hits you with a +0 scimitar.
You die...

.....##
#..#.....##.......#.###
.....#
#.#.......##.......#.##
#....#
#...#.##..#.....##....
#......
.##..#...#.......###...P
........
.............#..## ##..#
#.....####.........#..#.##
#..PP ##.##.⌠
#..#..⌠.⌠.....# ...... #.#
.. #..#..Zlo.....# .......
...# +
#..Z@hZ...........### ...#
......hhh..#......... ..##
#.....⌠Z⌠..#..#.. ###
##..#.....#...# . #
#............. #
##.##....#.... ... #.
#####..#.. ... . .## ##.


You could see Nergalle, a spectral orc (summoned), 3 spectral orc warriors, a
basilisk and 4 wolves.

Vanquished Creatures
  A catoblepas (Lair:1)
  Erica (D:8)
  2 centaur warriors (D:8)
  A two-headed ogre (D:9)
  Urug (Lair:1)
  The ghost of kalodont the Covert, a novice KoEn (D:8)
  An ugly thing (D:8)
  Joseph (D:8)
  Maggie (D:8)
  A rime drake (Lair:1)
  2 komodo dragons (Lair:2)
  A polar bear (Lair:2)
  2 wraiths
  6 basilisks
  3 wyverns
  16 yaks
  7 water moccasins
  3 ice beasts (D:6)
  12 orc warriors
  A black bear (D:4)
  3 ogres
  4 wolves (Lair:1)
  15 centaurs
  A phantom (D:6)
  2 kobold brigands
  4 bullfrogs
  A gnoll sergeant (D:9)
  5 wights (D:6)
  12 killer bees
  An electric eel (D:9)
  2 howler monkeys
  4 hounds
  An orc priest (D:6)
  A gnoll bouda (D:5)
  3 iron imps (D:9)
  A sleepcap (D:7)
  8 orc wizards
  7 gnolls
  5 adders
  An ufetubus (D:5)
  A worm (D:2)
  A dart slug (D:4)
  30 orcs
  6 endoplasms
  4 giant cockroaches
  14 goblins
  7 hobgoblins
  16 jackals
  6 kobolds
  2 quokkas
  9 ball pythons
  5 bats
  3 frilled lizards
  10 rats
259 creatures vanquished.

Notes
Turn   | Place    | Note
-------+----------+-------------------------------------------
     0 | D:1      | Rrauwl the Minotaur Gladiator began the quest for the Orb.
     0 | D:1      | Reached XP level 1. HP: 18/18 MP: 0/0
   118 | D:1      | Reached XP level 2. HP: 23/25 MP: 1/1
   125 | D:1      | Reached skill level 1 in Armour
   481 | D:2      | Reached XP level 3. HP: 31/31 MP: 2/2
   766 | D:2      | Found Vurewk's Book Shop.
   958 | D:2      | Reached XP level 4. HP: 38/38 MP: 3/3
  1075 | D:3      | Found a faded altar of an unknown god.
  1287 | D:3      | Found a basalt altar of Yredelemnul.
  1446 | D:3      | Found the +5 Force Lance {heavy, knockback}
  1529 | D:3      | Found a bloodstained altar of Trog.
  1613 | D:3      | Found a glowing silver altar of Zin.
  1674 | D:3      | Became a worshipper of Trog the Wrathful
  1932 | D:4      | Noticed a black bear
  1937 | D:4      | Killed a black bear
  1938 | D:4      | Reached skill level 5 in Maces & Flails
  1938 | D:4      | Reached XP level 5. HP: 34/46 MP: 4/4
  2047 | D:4      | Found a sacrificial altar of Ru.
  2566 | D:4      | Found a sparkling altar of Nemelex Xobeh.
  2566 | D:4      | Found a shimmering altar of Xom.
  2566 | D:4      | Found a blossoming altar of Fedhas.
  2798 | D:5      | Entered Level 5 of the Dungeon
  2880 | D:5      | Reached XP level 6. HP: 47/52 MP: 5/5
  2956 | D:5      | Reached * piety under Trog
  3134 | D:5      | Found Faej's Magic Scroll Boutique.
  3140 | D:5      | Bought a scroll of poison for 48 gold pieces
  3140 | D:5      | Bought a scroll of noise for 12 gold pieces
  3140 | D:5      | Bought 3 scrolls of identify for 72 gold pieces
  3140 | D:5      | Bought a scroll of identify for 24 gold pieces
  3140 | D:5      | Bought a scroll of fog for 48 gold pieces
  3289 | D:6      | Reached XP level 7. HP: 59/59 MP: 6/6
  3569 | D:6      | Identified the +9 short sword of Okawaru's Esteem {flame,
                  | rCorr Int+4 Dex+3}
  3735 | D:6      | Reached skill level 10 in Maces & Flails
  3798 | D:6      | Reached XP level 8. HP: 66/66 MP: 7/7
  3839 | D:6      | Found a staircase to the Ecumenical Temple.
  4287 | D:6      | HP: 3/66 [orc priest/divine providence (14)]
  4437 | D:6      | Reached ** piety under Trog
  4738 | Temple   | Entered the Ecumenical Temple
  5164 | D:7      | Reached XP level 9. HP: 63/71 MP: 8/8
  5312 | D:7      | Found an ancient bone altar of Kikubaaqudgha.
  5765 | D:8      | Found a broken altar of Ashenzari.
  5791 | D:8      | Noticed Joseph
  5804 | D:8      | Killed Joseph
  5805 | D:8      | Reached skill level 5 in Fighting
  5805 | D:8      | Reached skill level 5 in Armour
  5907 | D:8      | Found a flagged portal.
  5911 | D:8      | Reached skill level 5 in Dodging
  6040 | Bailey   | Entered a bailey
  6604 | Bailey   | Reached *** piety under Trog
  6999 | Bailey   | Reached XP level 10. HP: 67/83 MP: 9/9
  7359 | Bailey   | Reached skill level 15 in Maces & Flails
  7641 | Bailey   | Reached XP level 11. HP: 94/94 MP: 10/10
  7931 | D:8      | Noticed a centaur warrior
  7939 | D:8      | Killed a centaur warrior
  8154 | D:8      | Noticed a purple ugly thing
  8164 | D:8      | Killed a purple ugly thing
  8316 | D:8      | Noticed a centaur warrior
  8322 | D:8      | Killed a centaur warrior
  8323 | D:8      | Reached skill level 10 in Shields
  8472 | D:8      | Noticed Maggie
  8483 | D:8      | Killed Maggie
  8512 | D:8      | Noticed Erica
  8518 | D:8      | Killed Erica
  8647 | D:8      | Found a large runed translucent door.
  8647 | D:8      | Found a large runed translucent door.
  8651 | D:8      | Noticed kalodont's ghost (novice KoEn)
  8666 | D:8      | Killed kalodont's ghost
  8747 | D:9      | Found a burning altar of Makhleb.
  8964 | D:9      | Noticed a two-headed ogre
  8971 | D:9      | Killed a two-headed ogre
  9070 | D:9      | Reached skill level 15 in Shields
  9090 | D:9      | Reached XP level 12. HP: 51/101 MP: 11/11
  9234 | D:9      | Found a staircase to the Lair.
  9552 | D:9      | Reached **** piety under Trog
  9756 | Lair:1   | Entered Level 1 of the Lair of Beasts
 10148 | Lair:1   | Noticed Urug
 10162 | Lair:1   | Killed Urug
 10218 | Lair:1   | Noticed a catoblepas
 10230 | Lair:1   | Killed a catoblepas
 11161 | Lair:2   | Identified the +7 long sword "Plog" {vamp, rElec}
 11218 | Lair:2   | Noticed Nergalle
 11239 | Lair:2   | HP: 5/104 [wolf (1)]
 11239 | Lair:2   | HP: 2/104 [wolf (3)]
 11239 | Lair:2   | Slain by a spectral orc warrior

Illustrated notes

Levels and vault maps discovered:
D:1:      dpeg_arrival_castle, layout_rooms
D:2:      kennysheep_big_flooded_room, layout_loops_cross, serial_shops, shop
D:3:      layout_basic, lemuel_coloured_pillars_altar,
          mainiacjoe_overflow_alcove_1, lightli_temple_of_fire,
          basic_ecumenical_altar
D:4:      layout_layer_cave, gammafunk_temple_overflow_forgotten,
          mainiacjoe_overflow_catwalk, minmay_misc_feat_nine_boxes,
          minmay_misc_feat_doors
D:5:      layout_rooms, serial_shops, kennysheep_little_box,
          hangedman_abyss_or_decor_passed
D:6:      layout_loops_corners, minmay_temple_entry_overgrown,
          minmay_a_box_with_orc_wizards_in_it
D:7:      nicolae_BIG_FREAKIN_CUBE, layout_loops_cross, lemuel_tele_altar
D:8:      layout_loops_ring, mainiacjoe_overflow_paths, enter_bailey_5,
          ebering_ghost_disaster_area, kb_rosetta, uniq_erica, uniq_maggie,
          uniq_joseph
D:9:      layout_rooms, demons_altar, minmay_lair_entry_grove, st_stairs_8,
          serial_bayou_lagoon_a
Temple:   grunt_temple_mini_profane
Lair:1:   layout_gridlike, serial_bayou_crossing, grunt_megastairs_4, uniq_urug
Lair:2:   layout_layer_cave, minmay_snake_entry_guardpost_small,
          serial_bayou_shore_b, grunt_megastairs_2, uniq_nergalle

Skill      XL: |  1  2  3  4  5  6  7  8  9 10 11 12 |
---------------+-------------------------------------+-----
Armour         | 1 2 3 4 6 8 9 |  9.1
Maces & Flails | 4 5 7 10 13 14 15 16 | 16.0
Fighting       | 3 4 6 8 9 |  9.2
Dodging        | 4 6 7 8 |  8.9
Shields        | 7 15 16 | 16.0
Throwing       | |  2.0

Action                     |  1- 3 |  4- 6 |  7- 9 | 10-12 || total
---------------------------+-------+-------+-------+-------++-------
  Melee: Flail             |    82 |    20 |       |       ||   102
         Headbutt          |     9 |     9 |    15 |    53 ||    86
         Lance             |       |    72 |   217 |    48 ||   337
         Punch             |       |     1 |       |       ||     1
         Dire flail        |       |       |       |   189 ||   189
         Morningstar       |       |       |       |    76 ||    76
  Evoke: Wand              |       |       |       |     1 ||     1
    Use: Scroll            |       |     8 |     8 |     4 ||    20
         Potion            |       |       |     4 |     4 ||     8
 Armour: Leather armour    |    17 |       |       |       ||    17
         Scale mail        |    21 |    30 |    21 |       ||    72
         Skin              |       |       |     6 |       ||     6
         Chain mail        |       |       |     8 |       ||     8
         Ring mail         |       |       |    53 |    34 ||    87
         Swamp dragon scal |       |       |       |    89 ||    89
  Dodge: Dodged            |    65 |    35 |   115 |   199 ||   414
  Block: Buckler           |       |       |       |    25 ||    25
